 Dungeon Crawl Stone Soup version 0.23-a0-143-g1adec7bb76 (webtiles) character file.

76 Holzbalken the Chopper (level 4, -1/35 HPs)
             Began as a Demonspawn Fighter on Sept 1, 2018.
             Slain by an adder (2 damage)
             ... on level 2 of the Dungeon.
             The game lasted 00:06:18 (1079 turns).

Holzbalken the Chopper (Demonspawn Fighter)         Turns: 1079, Time: 00:06:18

Health: -1/35      AC:  2    Str: 17    XL:     4   Next: 12%
Magic:  4/4        EV: 11    Int:  9    God:
Gold:   76         SH:  0    Dex: 13    Spells: 3/3 levels left

rFire    . . .     SeeInvis .   a - +0 war axe
rCold    . . .     Gourm    .   (no shield)
rNeg     . . .     Faith    .   (no armour)
rPois    .         Spirit   .   (no helmet)
rElec    .         Reflect  .   (no cloak)
rCorr    .         Harm     .   (no gloves)
MR       .....                  (no boots)
Stlth    +.........             (no amulet)
HPRegen  0.11/turn              (no ring)
MPRegen  0.09/turn              (no ring)

@: lethally poisoned (-1 -> -5)
A: iridescent scales 1
a: no special abilities


You were on level 2 of the Dungeon.
You were not hungry.

You visited 1 branch of the dungeon, and saw 2 of its levels.

You collected 76 gold pieces.

Inventory:

Hand Weapons
 a - a +0 war axe (weapon)
Armour
 b - a +0 scale mail
 c - a +0 shield
 j - a +2 helmet
Scrolls
 e - a scroll of immolation {unknown}
 h - a scroll of fog {unknown}
 k - 2 scrolls of noise {unknown}
 l - a scroll of enchant armour {unknown}
 n - 3 scrolls of identify {unknown}
 o - a scroll of teleportation {unknown}
 p - a scroll of fear {unknown}
Potions
 d - a potion of might
 i - a potion of invisibility {unknown}
 m - a potion of curing {unknown}
Comestibles
 f - 4 rations
 g - a chunk of flesh


   Skills:
 - Level 3.0 Fighting
 * Level 4.0 Axes
 - Level 2.6 Armour
 - Level 2.6 Shields


You had 3 spell levels left.
You didn't know any spells.
Your spell library was empty.

Dungeon Overview and Level Annotations

Branches:
Dungeon (2/15)

Altars:


Innate Abilities, Weirdness & Mutations

You are partially covered in iridescent scales. (AC +2)


Message History

The kobold hits you but does no damage. The adder bites you.
* * * LOW HITPOINT WARNING * * *
You are poisoned.
The adder poisons you! The frilled lizard bites you.
* * * LOW HITPOINT WARNING * * *
You finish taking off your +0 shield.
Drop what? 16/52 slots (_ for help) (? for menu, Esc to quit)
Okay, then.
You barely miss the adder. You closely miss the frilled lizard.
You closely miss the kobold.
* * * LOW HITPOINT WARNING * * *
You feel sick. The adder closely misses you. The kobold barely misses you.
The frilled lizard closely misses you. The adder barely misses you.
The kobold hits you.
* * * LOW HITPOINT WARNING * * *
You barely miss the adder. You closely miss the kobold.
You slash the frilled lizard!
You kill the frilled lizard!
The adder bites you.
You die...

..#.##.## ....
........## #...
###......# #..##
$........######...
##.......##...... #
#.#.##.)##.# #.####.#
#...%......###.#...!#
#.#.##.###....†..#
#.#.##.# #....S@.# .
.. ..# #....K..# .
.#.#### ##......#
..#g #......# .. #.
#......# .. ..
####(### #.. ....
....#


You could see an adder and a kobold.

Vanquished Creatures
  2 gnolls (D:2)
  2 adders (D:2)
  An ooze (D:2)
  A worm (D:2)
  A leopard gecko (D:1)
  5 bats
  2 giant cockroaches (D:1)
  3 hobgoblins
  3 frilled lizards
  4 goblins
  3 kobolds (D:1)
  5 rats
32 creatures vanquished.

Notes
Turn   | Place    | Note
-------+----------+-------------------------------------------
     0 | D:1      | Holzbalken the Demonspawn Fighter began the quest for the
                  | Orb.
     0 | D:1      | Reached XP level 1. HP: 18/18 MP: 1/1
    15 | D:1      | Reached skill level 2 in Axes
   152 | D:1      | Gained mutation: You are partially covered in iridescent
                  | scales. (AC +2) [demonic ancestry]
   152 | D:1      | Reached XP level 2. HP: 24/24 MP: 2/2
   537 | D:1      | Reached skill level 3 in Axes
   737 | D:2      | Reached XP level 3. HP: 29/29 MP: 3/3
  1002 | D:2      | Reached skill level 4 in Axes
  1002 | D:2      | Reached XP level 4. HP: 14/35 MP: 4/4
  1078 | D:2      | HP: 1/35 [kobold (3)]
  1079 | D:2      | Slain by an adder

Vault maps used:
D:1:      dpeg_arrival_erosion, kennysheep_pointless_box
D:2:      tso_metal_star

Skill      XL: |  1  2  3 |
---------------+----------+-----
Axes           | 2 3 4 |  4.0
Fighting       | |  3.0
Armour         | |  2.6
Shields        | |  2.6

Action                   |  1- 3 |  4- 6 || total
-------------------------+-------+-------++-------
Melee: War axe           |    89 |     2 ||    91
  Eat: Chunk             |       |     1 ||     1
Armor: Scale mail        |    64 |    26 ||    90
       Skin              |       |     4 ||     4
Dodge: Dodged            |    21 |    17 ||    38
Block: Shield            |    33 |    19 ||    52

Table legend:
 A = Non-vault XP
 B = Vault XP
 C = Vault XP percentage of total XP
 D = Non-vault monster count
 E = Vault monster count
 F = Vault count percentage of total count
                 A         B        C        D         E       F
            +---------+---------+-------+---------+---------+-------
      Total |     109 |       0 |   0.0 |      32 |       0 |   0.0
            +---------+---------+-------+---------+---------+-------
        D:1 |      32 |       0 |   0.0 |      20 |       0 |   0.0
        D:2 |      77 |       0 |   0.0 |      12 |       0 |   0.0
            +---------+---------+-------+---------+---------+-------
